 Dungeon Crawl Stone Soup version 0.29.0-7-g18a832c13a (webtiles) character file.

Game seed: 6785274159812529150

1312 greynaab the Sneak (level 8, -1/44 HPs)
             Began as a Kobold Brigand on Aug 31, 2022.
             Was a Follower of Wu Jian.
             Succumbed to a kobold brigand's curare-tipped dart
             ... on level 7 of the Dungeon.
             The game lasted 00:25:20 (7620 turns).

greynaab the Sneak (Kobold Brigand)                 Turns: 7620, Time: 00:25:21

Health: -1/44      AC:  7    Str:  8    XL:     8   Next: 89%
Magic:  10/10      EV: 17    Int: 13    God:    Wu Jian [*.....]
Gold:   315        SH:  0    Dex: 24    Spells: 7/9 levels left

rFire   + . .      SeeInvis .   w - +2 dagger (protect)
rCold   + . .      Faith    .   (no shield)
rNeg    . . .      Spirit   .   i - +0 robe
rPois   +          Reflect  .   (helmet restricted)
rElec   +          Harm     .   c - +0 cloak
rCorr   +          Rampage  .   (no gloves)
Will    .....                   (no boots)
Stlth   +++++.....              (no amulet)
HPRegen 0.14/turn               f - +6 ring of dexterity
MPRegen 0.12/turn               E - +4 ring of protection

@: lethally poisoned (-1 -> -7), resistant, slowed, very slow
A: small, no large weapons, nightstalker 3, horns 1
a: Renounce Religion


You were on level 7 of the Dungeon.
You worshipped Wu Jian.
Wu Jian was aware of your devotion.
You visited 1 branch of the dungeon, and saw 7 of its levels.
You also visited: Sewer.

You collected 503 gold pieces.
You spent 188 gold pieces at shops.

Inventory:

Hand Weapons
 a - a +2 dagger of venom
 b - a +0 sling
 w - a +2 dagger of protection (weapon)
 C - the +8 flail of Proximity {protect, Will+ Int+3}
   (You found it on level 5 of the Dungeon)

   It grants its wielder temporary protection when it strikes (+7 to AC).
   Int:       It affects your intelligence (+3).
   Will:      It increases your willpower.
Missiles
 d - 17 poisoned darts
 e - 2 curare-tipped darts (quivered)
 j - 43 stones
Armour
 c - a +0 cloak (worn)
 i - a +0 robe (worn)
Jewellery
 f - a +6 ring of dexterity (left hand)
 B - a ring of positive energy
 E - a +4 ring of protection (right hand)
 H - an amulet of faith
 J - a ring of wizardry
Wands
 y - a wand of paralysis (11)
Scrolls
 k - a scroll of enchant weapon {unknown}
 l - 2 scrolls of brand weapon {unknown}
 q - 2 scrolls of blinking
 s - 4 scrolls of teleportation
 t - 2 scrolls of immolation
 u - a scroll of torment {unknown}
 v - a scroll of fog {unknown}
 x - 2 scrolls of fear
 A - 2 scrolls of amnesia {unknown}
 D - 2 scrolls of identify
 F - a scroll of vulnerability {unknown}
Potions
 g - 2 potions of mutation
 h - 2 potions of degeneration {unknown}
 m - 2 potions of curing {unknown}
 n - a potion of might {unknown}
 o - 2 potions of flight {unknown}
 p - a potion of resistance
 r - a potion of attraction {unknown}
 z - 2 potions of berserk rage
 G - a potion of heal wounds {unknown}
 I - a potion of brilliance {unknown}
 K - a potion of lignification {unknown}


   Skills:
 - Level 2.1 Fighting
 - Level 4.0 Short Blades
 + Level 5.0 Maces & Flails
 - Level 5.0 Ranged Weapons
 - Level 5.0 Throwing
 - Level 4.0 Dodging
 - Level 7.1 Stealth
 + Level 1.3 Spellcasting
 + Level 1.4 Hexes
 + Level 1.3 Ice Magic


You had 7 spell levels left.
You knew the following spells:

 Your Spells              Type           Power      Damage    Failure   Level
a - Ensorcelled Hibernat  Hex/Ice        8%         N/A       24%         2

Your spell library contained the following spells:

 Spells                   Type           Power      Damage    Failure   Level
 Slow                     Hex            16%        N/A       16%         1
 Passwall                 Tmut/Erth      0%         N/A       38%         2
 Confusing Touch          Hex            4%         N/A       41%         3
 Swiftness                Air            0%         N/A       63%         3
 Vampiric Draining        Necr           0%         2d6       63%         3


Dungeon Overview and Level Annotations

Branches:
Dungeon (7/15) Zot: 26760  Temple (0/1) D:6           Sewer (visited)

Altars:
Kikubaaqudgha
Makhleb
Ru
Sif Muna
Trog
Vehumet
Wu Jian
Yredelemnul

Shops:
D:3 ?   D:5 [


Innate Abilities, Weirdness & Mutations

You are small and have problems with some larger weapons.
You are completely attuned to the shadows.
You have a pair of small horns on your head.


Message History

The kobold shouts!
You hit the kobold brigand.
The kobold brigand is moderately wounded.
You hear a shout! x3
A kobold comes into view.
It is wielding a +0 whip and carrying a wand of iceblast (8).
A kobold comes into view.
It is wielding a +0 short sword and carrying a wand of flame (27).
The kobold brigand hits you with a +0 whip.
A kobold comes into view. It is wielding a +0 dagger.
The kobold shouts! x2
You closely miss the kobold brigand.
Your headbutt misses the kobold brigand.
The kobold brigand is moderately wounded.
The kobold brigand hits you but does no damage.
A kobold comes into view. It is wielding a +0 dagger.
Unknown command.
Unknown command.
The kobold brigand throws a curare-tipped dart.
The curare-tipped dart hits you.
You are poisoned.
You have difficulty breathing.
You feel yourself slow down.
You feel very sick.
You feel very sick. The kobold attacks as you move away!
The kobold hits you but does no damage.
You feel sick.
You feel sick.
The kobold zaps a wand.
The mass of ice explodes!
The iceblast engulfs the kobold!!
The kobold dies!
The iceblast engulfs you!
* * * LOW HITPOINT WARNING * * *
The kobold brigand throws a curare-tipped dart.
The curare-tipped dart hits you.
You are more poisoned.
You have difficulty breathing.
* * * LOW HITPOINT WARNING * * *
You feel as though you will be slow longer.
You hear a shout! x2; You hear a chilling moan.
You hear a shout! x2
Unknown command.
It was a potion of resistance.
You feel protected.
You die...

#......... #.........
.........<.....
.............$..
###.....................
#.......................
#.....###........K)..$..
#......#........K..)..#
#...)..##.....@)KKK...#
##.............###K.....K
##..............##......##
#.............#.#.........
........................#.
..##[...........
...<........... ..........
..........


You could see a kobold brigand and 5 kobolds.

Vanquished Creatures
  A water moccasin (D:5)
  2 black bears
  An orc warrior (D:7)
  Pargi (Sewer)
  A necrophage (D:4)
  2 wights (D:7)
  2 centaur zombies (D:7)
  3 jellies
  3 hounds
  An orc priest (D:6)
  2 orc wizards (D:6)
  4 iguanas
  A hound skeleton (D:4)
  A howler monkey zombie (D:7)
  6 gnolls
  7 adders
  A white imp (D:6)
  A worm (D:2)
  A dart slug (D:3)
  10 orcs
  11 ball pythons
  8 bats (Sewer)
  12 endoplasms
  2 giant cockroaches
  6 goblins
  5 hobgoblins
  7 jackals
  A quokka (D:4)
  7 frilled lizards
  6 kobolds (D:1)
  5 rats
121 creatures vanquished.

Vanquished Creatures (others)
  A kobold (D:7)
1 creature vanquished.

Grand Total: 122 creatures vanquished

Notes
Turn   | Place    | Note
-------+----------+-------------------------------------------
     0 | D:1      | greynaab the Kobold Brigand began the quest for the Orb.
     0 | D:1      | Reached XP level 1. HP: 12/12 MP: 1/1
   396 | D:1      | Reached XP level 2. HP: 17/17 MP: 2/2
   518 | D:1      | Reached skill level 1 in Ranged Weapons
   704 | D:1      | Reached XP level 3. HP: 10/21 MP: 3/3
   857 | D:1      | Found a faded altar of an unknown god.
  1507 | D:2      | Reached XP level 4. HP: 22/26 MP: 4/4
  1884 | D:2      | Found a radiant altar of Vehumet.
  2236 | D:2      | Reached XP level 5. HP: 22/30 MP: 5/5
  2486 | D:3      | Found a basalt altar of Yredelemnul.
  2504 | D:3      | Found a shimmering blue altar of Sif Muna.
  2816 | D:3      | Found an ancient bone altar of Kikubaaqudgha.
  2964 | D:3      | Found Dowyps's Magic Scroll Boutique.
  2970 | D:3      | Bought a scroll of identify for 26 gold pieces
  2980 | D:3      | Bought a scroll of fear for 52 gold pieces
  2980 | D:3      | Bought a scroll of noise for 13 gold pieces
  2980 | D:3      | Bought a scroll of magic mapping for 97 gold pieces
  3307 | D:3      | Found an ornate altar of the Wu Jian Council.
  3311 | D:3      | Noticed a spectral centipede
  3311 | D:3      | Noticed a spectral black mamba
  3311 | D:3      | Noticed a spectral cane toad
  3312 | D:3      | Became a worshipper of the Wu Jian Council
  3504 | D:4      | Reached skill level 6 in Stealth
  3504 | D:4      | Reached XP level 6. HP: 23/35 MP: 6/6
  4317 | D:4      | Noticed a black bear
  4325 | D:4      | Killed a black bear
  4326 | D:4      | Reached XP level 7. HP: 40/40 MP: 7/7
  4643 | D:4      | Found a burning altar of Makhleb.
  4969 | D:4      | Found a bloodstained altar of Trog.
  4996 | D:4      | Found a sacrificial altar of Ru.
  5204 | D:5      | Entered Level 5 of the Dungeon
  5462 | D:5      | Noticed a water moccasin
  5481 | D:5      | Gained mutation: You have a pair of small horns on your
                  | head. [potion of mutation]
  5487 | D:5      | Killed a water moccasin
  5488 | D:5      | Reached skill level 7 in Stealth
  5824 | D:5      | Identified the +8 flail of Proximity {protect, Will+ Int+3}
  5934 | D:5      | Found Rokogele's Antique Armour Shop.
  6067 | D:5      | Reached skill level 5 in Ranged Weapons
  6067 | D:5      | Reached skill level 5 in Throwing
  6132 | D:5      | Reached skill level 1 in Maces & Flails
  6516 | D:6      | Found a glowing drain.
  6538 | Sewer    | Entered a sewer
  6550 | Sewer    | Reached * piety under Wu Jian
  6579 | Sewer    | Noticed Pargi
  6582 | Sewer    | Killed Pargi
  6583 | Sewer    | Reached XP level 8. HP: 44/44 MP: 8/8
  6802 | D:6      | Found a staircase to the Ecumenical Temple.
  7552 | D:7      | Learned a level 2 spell: Ensorcelled Hibernation
  7582 | D:7      | Reached skill level 1 in Hexes
  7582 | D:7      | Reached skill level 1 in Ice Magic
  7603 | D:7      | Reached skill level 5 in Maces & Flails
  7603 | D:7      | Reached skill level 1 in Spellcasting
  7620 | D:7      | Succumbed to a kobold brigand's curare-tipped dart

Illustrated notes

Levels and vault maps discovered:
D:1:      ncdulo_smallfort, layout_basic, nicolae_ecumenical_snake_handling,
          minmay_misc_feat_rows
D:2:      layout_loops_ring, basic_altar
D:3:      layout_loops_ring, nicolae_overflow_crystal_walls,
          pdpol_wu_jian_five_deadly_venoms, mainiacjoe_overflow_swirl,
          serial_shops, nicolae_diamond_shop
D:4:      layout_layer_cave, mainiacjoe_overflow_large_starburst,
          makhleb_blood_cavern_becter, ebering_dispersal_statue_hall,
          minmay_circle_x
D:5:      layout_loops_corners, serial_shops, shop
D:6:      layout_basic, minmay_temple_entry_mist, portal_sewer_entry_a
D:7:      cheibrodos_grave_circle, layout_cave_pools,
          mainiacjoe_overflow_catwalk, serial_undead, serial_undead_a,
          serial_undead_a, serial_undead_c, serial_undead_a, serial_shops,
          nicolae_shop_waterfront, st_stairs_13, uniq_crazy_yiuf_cottage

Skill      XL: |  1  2  3  4  5  6  7  8 |
---------------+-------------------------+-----
Short Blades   | 3 4 |  4.0
Ranged Weapons | 1 2 3 4 5 |  5.0
Throwing       | 3 4 5 |  5.0
Dodging        | 2 3 4 |  4.0
Stealth        | 6 7 |  7.1
Maces & Flails | 2 5 |  5.0
Hexes          | 1 |  1.4
Ice Magic      | 1 |  1.3
Spellcasting   | 1 |  1.3
Fighting       | |  2.1

Action                   |  1- 3 |  4- 6 |  7- 9 || total
-------------------------+-------+-------+-------++-------
Melee: Dagger            |    21 |    80 |   130 ||   231
       Punch             |       |     3 |     2 ||     5
       Headbutt          |       |       |    15 ||    15
 Fire: Sling             |    63 |    23 |     1 ||    87
Throw: Dart              |     6 |    23 |       ||    29
Invok: Lunge             |       |     1 |    10 ||    11
       Whirlwind         |       |       |     2 ||     2
Evoke: Wand              |       |     1 |    10 ||    11
  Use: Scroll            |       |     3 |     1 ||     4
       Potion            |       |       |     2 ||     2
 Stab: Sleeping          |     1 |     7 |    21 ||    29
       Paralysed         |       |     1 |     3 ||     4
       Distracted        |       |       |     1 ||     1
Armor: Robe              |    11 |     8 |    28 ||    47
Dodge: Dodged            |    38 |    68 |    86 ||   192
